 Dungeon Crawl Stone Soup version 0.26.1-11-gd32895ea62 (webtiles) character file.

Game seed: 11567593476670536700

11713 Almogavar the Thaumaturge (level 11, -4/28 (54) HPs)
             Began as a Deep Elf Conjurer on June 20, 2021.
             Was an Elder of Sif Muna.
             Slain by a reaper
             ... wielding a +2 scythe of flaming
              (32 damage)
             ... in a Gauntlet on June 21, 2021.
             The game lasted 00:58:32 (14126 turns).

Almogavar the Thaumaturge (Deep Elf Conjurer)      Turns: 14126, Time: 00:58:32

HP:   -4/28 (54)    AC: 11    Str:  8    XL:     11   Next: 52%
MP:   21/28         EV: 15    Int: 27    God:    Sif Muna [****..]
Gold: 483           SH:  0    Dex: 17    Spells: 20/33 levels left

rFire    + . .     SeeInvis +   H - +3 mace "Liudu" {protect, rPois Str+4 SInv}
rCold    + . .     Faith    .   (no shield)
rNeg     + . .     Spirit   .   B - +2 leather armour {rC+}
rPois    +         Reflect  .   N - +0 helmet
rElec    .         Harm     .   S - +0 cloak
rCorr    .         Rampage  .   (no gloves)
Will     +....     NoTele   +   E - +2 pair of boots
Stlth    +++.......             r - amulet of the acrobat
HPRegen  0.09/turn              Q - ring "Kot New" {*Contam +Inv rN+ Dex+4}
MPRegen  0.21/turn              J - ring of protection from fire

@: very heavily drained
A: no striking features
a: Renounce Religion, Evoke Invisibility, Channel Magic, Forget Spell, Divine
Exegesis


You were in a Gauntlet.
You worshipped Sif Muna.
Sif Muna was greatly pleased with you.
You visited 1 branch of the dungeon, and saw 11 of its levels.
You also visited: Gauntlet.

You collected 689 gold pieces.
You spent 206 gold pieces at shops.

Inventory:

Hand Weapons
 h - a +2 dagger of protection
 H - the +3 mace "Liudu" (weapon) {protect, rPois Str+4 SInv}
   (You took it off a gnoll on level 8 of the Dungeon)

   It grants its wielder temporary protection when it strikes (+7 to AC).
   It affects your strength (+4).
   It protects you from poison.
   It lets you see invisible.
 I - the +4 broad axe "Demonbane" {pain, rN+ Dex+6}
   (You found it on level 8 of the Dungeon)

   In the hands of one skilled in necromantic magic, it inflicts extra damage on
   living creatures.
   It affects your dexterity (+6).
   It protects you from negative energy.
Armour
 c - a +1 ring mail of fire resistance
 g - a +0 buckler
 B - a +2 leather armour of cold resistance (worn)
 C - a +4 scale mail
 E - a +2 pair of boots (worn)
 G - the +0 pair of gloves "Ufru" {Harm rF++ Regen+ MP-9}
   (You found it on level 7 of the Dungeon)

   It greatly protects you from fire.
   It affects your magic capacity (-9).
   It increases your rate of regeneration.
   It increases damage dealt and taken.
 N - a +0 helmet (worn)
 R - the +1 robe of Submission {rF+}
   (You found it on level 10 of the Dungeon)

   It protects you from fire.
 S - a +0 cloak (worn)
Magical Staves
 K - an uncursed staff of conjuration {unknown}
 L - an uncursed staff of fire {unknown}
Jewellery
 b - an uncursed ring of flight
 i - an uncursed ring of resist corrosion
 r - an amulet of the acrobat (around neck)
 J - a ring of protection from fire (right hand)
 Q - the ring "Kot New" (left hand) {*Contam +Inv rN+ Dex+4}
   (You found it on level 10 of the Dungeon)

   [ring of positive energy]

   It affects your dexterity (+4).
   It protects you from negative energy.
   It lets you turn invisible.
   It causes magical contamination when unequipped.
Wands
 m - a wand of paralysis (9)
 o - a wand of polymorph (12)
 w - a wand of random effects (99)
 O - a wand of digging (5)
Scrolls
 d - 6 scrolls of teleportation
 f - 4 scrolls of amnesia
 j - 2 scrolls of enchant weapon
 k - 3 scrolls of fog
 n - a scroll of fear
 p - 5 scrolls of magic mapping
 y - 2 scrolls of enchant armour
 F - a scroll of torment {unknown}
 P - a scroll of blinking {unknown}
Potions
 a - 2 potions of magic
 e - 4 potions of lignification
 l - 2 potions of might
 q - 2 potions of heal wounds
 s - 3 potions of curing
 t - a potion of resistance
 u - a potion of cancellation
 v - a potion of ambrosia {unknown}
 x - 2 potions of brilliance {unknown}
 z - 2 potions of invisibility {unknown}
 A - 2 potions of haste {unknown}
 D - a potion of flight {unknown}
 M - a potion of berserk rage {unknown}


   Skills:
 + Level 0.1 Fighting
 + Level 3.9 Armour
 + Level 6.2 Dodging
 + Level 5.9 Stealth
 + Level 11.6 Spellcasting
 + Level 11.2 Conjurations
 + Level 3.2 Hexes
 + Level 2.6 Summonings
 + Level 2.9 Necromancy
 * Level 8.3 Translocations
 + Level 3.8 Transmutations
 + Level 2.6 Fire Magic
 + Level 2.6 Ice Magic
 + Level 2.4 Air Magic
 + Level 2.6 Earth Magic
 + Level 2.6 Poison Magic
 + Level 3.3 Invocations
 + Level 2.6 Evocations


You had 20 spell levels left.
You knew the following spells:

 Your Spells              Type           Power        Failure   Level
a - Magic Dart            Conj           100%         1%          1
b - Searing Ray           Conj           100%         1%          2
c - Iskenderun's Mystic   Conj/Tloc      62%          1%          4
d - Dazzling Flash        Conj/Hex       100%         1%          3
e - Confusing Touch       Hex            33%          4%          3

Your spell library contained the following spells:

 Spells                   Type           Power        Failure   Level
 Corona                   Hex            36%          1%          1
 Ensorcelled Hibernation  Hex/Ice        62%          2%          2
 Fulminant Prism          Conj/Hex       26%          2%          4
 Tukima's Dance           Hex            33%          4%          3
 Borgnjor's Vile Clutch   Necr/Erth      15%          41%         5
 Silence                  Hex/Air        15%          41%         5
 Shadow Creatures         Summ           N/A          95%         6


Dungeon Overview and Level Annotations

Branches:
Dungeon (11/15)            Temple (0/1) D:5            Lair (0/6) D:10
Gauntlet (1/1)
    Orc: D:9-12

Altars:
Gozag
Kikubaaqudgha
Makhleb
Nemelex Xobeh
Okawaru
Qazlal
Ru
Sif Muna
Trog
Vehumet
Wu Jian
Xom
Yredelemnul
Zin

Shops:
D:6 *   D:7 [   D:10 *

Annotations:
Gauntlet 11 transporters


Message History

Casting: Iskenderun's Mystic Blast (dangerous; 1% risk of failure)
Confirm with . or Enter, or press ? or * to list all spells.
You don't know that spell.
Unknown command.
The hellwing enters a dispersal trap!
The hellwing blinks!
The reaper blinks! x2
You blink.
The hellwing blinks!
The reaper beckons to you.
The reaper enters a dispersal trap!
The hellwing blinks!
You blink.
The reaper blinks!
The hellwing enters a dispersal trap!
The hellwing blinks!
The reaper blinks!
The reaper hits you but does no damage.
Casting: Iskenderun's Mystic Blast (dangerous; 1% risk of failure)
Confirm with . or Enter, or press ? or * to list all spells.
You erupt in a blast of force!
The mystic blast hits the hellwing!
The hellwing is heavily wounded.
The hellwing is knocked back by the mystic blast.
The mystic blast hits the reaper but does no damage.
The reaper hits you from afar with a +2 scythe of flaming!!
Ouch! That really hurt!
You die...

###........#©#...§...#©
#8#..###########...####
###..#.^.≈≈...=#...#...
#....#.≈≈..≈≈≈.#...#...
###....#≈..≈4^≈.≈#...#".#
#8#..###≈.≈.≈≈^^)#...#)..
###..#©#.≈≈^©≈..§#...#©.P
#..#.#.^2.≈≈^≈.#...#2.P
###..#.#@.≈≈.4≈..#...#$.#
#8#..#.#≈≈≈.≈≈^≈≈#...#..P
#########..#.#.^.^≈...§#...#...
#8#........#.###########.§.####
#####........#.#...........≈.....
#≈§....#######.#######....≈8≈....
#.§....#©...........©#....§§.....
#..#######################...####
#..#..#.©"...#≈#Z....##©##...#...


You could see a reaper and 2 hellwings.

Vanquished Creatures
  Harold (D:7)
  A centaur warrior (D:8)
  A death scarab (Gauntlet)
  2 unseen horrors
  Joseph (D:10)
  A komodo dragon (D:10)
  An ice devil (Gauntlet)
  A polar bear (D:10)
  A slime creature (D:8)
  A meliai zombie (D:10)
  A wraith (D:10)
  A yak (D:8)
  A wyvern (D:8)
  A spectral komodo dragon (Gauntlet)
  Eustachio (D:5)
  4 water moccasins
  A hornet zombie (D:8)
  5 ice beasts
  An orc warrior (D:8)
  3 black bears
  4 sky beasts
  An eye of draining (D:10)
  2 phantoms
  3 wolves (D:10)
  7 ogres
  A centaur (D:6)
  A big kobold (D:10)
  9 bullfrogs
  A wyvern skeleton (D:7)
  A hornet simulacrum (D:10)
  5 scorpions
  4 killer bees (D:5)
  2 electric eels (D:10)
  3 howler monkeys
  A quasit (D:8)
  A bullfrog zombie (D:8)
  2 orc priests
  A wyvern simulacrum (D:10)
  4 bullfrog skeletons
  2 centaur skeletons (D:5)
  7 hounds
  2 iguanas
  9 orc wizards
  6 worker ants
  2 bullfrog simulacra (D:10)
  4 gnolls
  12 adders
  A shadow imp (D:5)
  17 white imps
  2 worker ant simulacra (D:10)
  6 ufetubi
  2 oozes (D:1)
  4 adder zombies
  2 adder skeletons
  2 worms
  4 dart slugs
  10 leopard geckos
  31 orcs
  5 bats
  9 giant cockroaches
  8 goblins
  4 hobgoblins
  23 jackals
  8 quokkas
  A ball python (D:3)
  8 frilled lizards
  A jackal skeleton (D:7)
  8 kobolds
  2 leopard gecko skeletons (D:4)
  10 rats
295 creatures vanquished.

Vanquished Creatures (others)
  A bullfrog skeleton (D:4)
  An adder skeleton (D:4)
  A jackal (D:4)
  22 demonic plants (Gauntlet)
  46 fungi
  53 plants
124 creatures vanquished.

Grand Total: 419 creatures vanquished

Notes
Turn   | Place    | Note
-------+----------+-------------------------------------------
     0 | D:1      | Almogavar the Deep Elf Conjurer began the quest for the
                  | Orb.
     0 | D:1      | Reached XP level 1. HP: 10/10 MP: 6/6
   198 | D:1      | Reached XP level 2. HP: 15/15 MP: 4/8
   298 | D:1      | Learned a level 2 spell: Searing Ray
   448 | D:1      | Reached skill level 5 in Conjurations
   803 | D:2      | Reached XP level 3. HP: 19/19 MP: 5/9
  1186 | D:2      | Found a sacrificial altar of Ru.
  1485 | D:2      | Reached XP level 4. HP: 24/24 MP: 6/10
  1947 | D:2      | Learned a level 4 spell: Iskenderun's Mystic Blast
  2248 | D:3      | Noticed an ice beast
  2310 | D:3      | Reached XP level 5. HP: 28/28 MP: 4/13
  2447 | D:3      | Killed an ice beast
  2674 | D:3      | Reached skill level 5 in Spellcasting
  2674 | D:3      | Reached XP level 6. HP: 32/32 MP: 12/15
  2890 | D:3      | Learned a level 3 spell: Dazzling Flash
  3214 | D:3      | Found a radiant altar of Vehumet.
  3770 | D:4      | Reached XP level 7. HP: 36/36 MP: 13/18
  4225 | D:4      | Found a shimmering blue altar of Sif Muna.
  4234 | D:4      | Became a worshipper of Sif Muna the Loreminder
  4307 | D:4      | Found a stormy altar of Qazlal.
  4615 | D:5      | Entered Level 5 of the Dungeon
  4747 | D:5      | Reached skill level 1 in Translocations
  5053 | D:5      | Found a staircase to the Ecumenical Temple.
  5315 | D:5      | Reached XP level 8. HP: 41/41 MP: 15/22
  5382 | D:5      | Reached skill level 5 in Dodging
  5382 | D:5      | Reached skill level 5 in Stealth
  5382 | D:5      | Reached skill level 5 in Translocations
  5382 | D:5      | Reached XP level 9. HP: 45/45 MP: 21/23
  5574 | D:5      | Reached * piety under Sif Muna
  5658 | D:5      | Noticed Eustachio
  5673 | D:5      | Killed Eustachio
  5716 | D:5      | You fall into a shaft and drop 3 floors!
  5903 | D:6      | Found Gozag's Platinum Reserve.
  5903 | D:6      | Found an opulent altar of Gozag.
  7162 | D:7      | Found Wuypoc's Armour Shoppe.
  7218 | D:7      | Bought a +0 robe for 8 gold pieces
  7218 | D:7      | Bought a +2 pair of boots for 198 gold pieces
  7768 | D:7      | Reached ** piety under Sif Muna
  7886 | D:7      | Noticed Harold
  7904 | D:7      | Killed Harold
  7905 | D:7      | Reached XP level 10. HP: 49/50 MP: 6/25
  8007 | D:7      | Got a pair of smoking gloves
  8013 | D:7      | Identified the cursed +0 pair of gloves "Ufru" {Harm rF++
                  | Regen+ MP-9} (You found it on level 7 of the Dungeon)
  8131 | D:7      | Found a glowing silver altar of Zin.
  8400 | D:8      | Reached skill level 10 in Spellcasting
  8544 | D:8      | Noticed a centaur warrior
  8668 | D:8      | Identified the +3 mace "Liudu" {protect, rPois Str+4 SInv}
  8693 | D:8      | Noticed an unseen horror
  8703 | D:8      | Killed an unseen horror
  8704 | D:8      | Reached skill level 10 in Conjurations
  8811 | D:8      | Got a fine broad axe
  8812 | D:8      | Identified the +4 broad axe "Demonbane" {pain, rN+ Dex+6}
                  | (You found it on level 8 of the Dungeon)
  8813 | D:8      | Found an opulent altar of Gozag.
  9302 | D:8      | Found an ancient bone altar of Kikubaaqudgha.
  9318 | D:8      | Killed a centaur warrior
  9894 | D:9      | Found a basalt altar of Yredelemnul.
  9902 | D:9      | Reached *** piety under Sif Muna
  9937 | D:9      | Found an iron altar of Okawaru.
 10340 | D:9      | Noticed an unseen horror
 10349 | D:9      | Killed an unseen horror
 10637 | D:9      | Found a burning altar of Makhleb.
 10638 | D:9      | Found a sparkling altar of Nemelex Xobeh.
 10638 | D:9      | Found an ornate altar of the Wu Jian Council.
 10639 | D:9      | Found a bloodstained altar of Trog.
 10644 | D:9      | Found a shimmering altar of Xom.
 10685 | D:10     | Entered Level 10 of the Dungeon
 10690 | D:10     | Got a brightly glowing platinum ring
 10695 | D:10     | Identified the ring "Kot New" {*Contam +Inv rN+ Dex+4} (You
                  | found it on level 10 of the Dungeon)
 10735 | D:10     | Reached XP level 11. HP: 54/54 MP: 15/27
 11153 | D:10     | Noticed Joseph
 11171 | D:10     | Killed Joseph
 11464 | D:10     | Found a staircase to the Lair.
 11825 | D:10     | Found a burning altar of Makhleb.
 11827 | D:10     | Found Oxenez's Blasphemy Boutique.
 11915 | D:10     | Reached **** piety under Sif Muna
 12307 | D:10     | Got a distressingly furry robe
 12318 | D:10     | Identified the +1 robe of Submission {rF+} (You found it on
                  | level 10 of the Dungeon)
 13063 | D:11     | Found a gate leading to a gauntlet.
 13072 | Gauntlet | Entered a Gauntlet
 13072 | Gauntlet | Found a transporter.
 13072 | Gauntlet | Found a transporter.
 13080 | Gauntlet | Noticed a death ooze
 13085 | Gauntlet | Found a transporter.
 13085 | Gauntlet | Found a transporter.
 13099 | Gauntlet | Found a transporter.
 13104 | Gauntlet | Noticed a death scarab
 13109 | Gauntlet | Found a transporter.
 13109 | Gauntlet | Found a transporter.
 13115 | Gauntlet | Noticed a reaper
 13115 | Gauntlet | Noticed a hell beast
 13119 | Gauntlet | Found a transporter.
 13119 | Gauntlet | Found a transporter.
 13150 | Gauntlet | Found a transporter.
 13162 | Gauntlet | Found a transporter.
 13198 | Gauntlet | Found a transporter.
 13213 | Gauntlet | Found a transporter.
 13215 | Gauntlet | Noticed a death scarab
 13229 | Gauntlet | Found a transporter.
 13330 | Gauntlet | Found a transporter.
 13333 | Gauntlet | Noticed a tengu warrior
 13348 | Gauntlet | Found a transporter.
 13665 | Gauntlet | Learned a level 3 spell: Confusing Touch
 13668 | Gauntlet | Killed a death scarab
 14126 | Gauntlet | Slain by a reaper

Illustrated notes

Levels and vault maps discovered:
D:1:      dpeg_arrival_rhombus, layout_rooms, serial_forest,
          infiniplex_forest_clump_cross, infiniplex_forest_clump_double,
          infiniplex_forest_clump_curved, infiniplex_forest_lined_3,
          infiniplex_forest_clump_long, infiniplex_forest_corner_1,
          infiniplex_forest_straight_2, infiniplex_forest_lined_3,
          infiniplex_forest_straight_1, infiniplex_forest_clump_cross,
          minmay_cut_off
D:2:      layout_basic, nicolae_ru_the_path_less_chosen
D:3:      layout_basic, general_overflow_altar
D:4:      layout_basic, nicolae_overflow_crystal_walls,
          overflow_temple_1_default, lemuel_old_faithful
D:5:      kennysheep_six_static_rooms, layout_cave_pods,
          minmay_temple_entry_stoned_glass, uniq_eustachio
D:6:      layout_loops_ring, nicolae_gozag_zags_fifth_avenue
D:7:      layout_basic, overflow_temple_1_default, serial_shops,
          nicolae_shop_crystal, serial_bayou_pond_e, uniq_harold
D:8:      minmay_the_grid_octo_tiled_squarecenter [minmay_the_grid_octo_horde,
          minmay_the_grid_octo_clover_2, minmay_the_grid_octo_vomiting_pacman,
          minmay_the_grid_octo_checkerflower,
          minmay_the_grid_square_5x5_megaprize_crossed,
          minmay_the_grid_square_5x5_eight_small,
          minmay_the_grid_square_5x5_bridge, minmay_the_grid_square_5x5_meh,
          minmay_the_grid_square_5x5_comb], layout_rooms
D:9:      layout_loops_ring, minitemple
D:10:     layout_roguey, due_lair_maze_entry_diamond, serial_ice, serial_ice_c,
          serial_ice_j, serial_ice_n, serial_ice_o, serial_ice_d, serial_ice_f,
          serial_ice_m, serial_ice_e, serial_ice_h, serial_ice_a,
          hangedman_decor_diamond_cutter, nicolae_evil_shop, uniq_joseph
D:11:     lemuel_ice_spiral_2, layout_irregular_city, basic_altar,
          gauntlet_entry_generic, library_closet
Gauntlet: gammafunk_gauntlet_branching [gammafunk_gauntlet_arena_chambers,
          gammafunk_gauntlet_arena_crates,
          gammafunk_gauntlet_arena_arrow_garden, nicolae_gauntlet_arena_t_cross,
          gammafunk_gauntlet_arena_spirals, nicolae_gauntlet_swirl,
          gammafunk_gauntlet_arena_hedges, nicolae_gauntlet_arena_flowing_pool,
          gauntlet_exit_spiral]

Skill      XL: |  1  2  3  4  5  6  7  8  9 10 11 |
---------------+----------------------------------+-----
Conjurations   | 5 6 7 8 9 10 11 | 11.2
Spellcasting   | 4 5 6 8 9 10 11 | 11.6
Dodging        | 3 5 6 |  6.2
Stealth        | 3 5 |  5.9
Translocations | 1 5 6 7 8 |  8.3
Armour         | 2 3 |  3.9
Hexes          | 3 |  3.2
Summonings     | 2 |  2.6
Necromancy     | 2 |  2.9
Transmutations | 3 |  3.8
Fire Magic     | 2 |  2.6
Ice Magic      | 2 |  2.6
Air Magic      | 2 |  2.4
Earth Magic    | 2 |  2.6
Poison Magic   | 2 |  2.6
Invocations    | 2 3 |  3.3
Evocations     | 2 |  2.6
Fighting       | |  0.1

Action                   |  1- 3 |  4- 6 |  7- 9 | 10-12 || total
-------------------------+-------+-------+-------+-------++-------
Melee: Dagger            |       |     1 |       |     4 ||     5
       Mace              |       |       |       |     2 ||     2
 Cast: Magic Dart        |    52 |    65 |    75 |    76 ||   268
       Searing Ray       |     7 |    27 |    62 |   112 ||   208
       Iskenderun's Myst |       |     1 |     5 |     9 ||    15
Invok: Channel Magic     |       |       |       |     1 ||     1
  Use: Scroll            |     2 |     6 |     8 |     9 ||    25
       Potion            |       |       |     1 |     1 ||     2
 Stab: Sleeping          |       |       |       |     2 ||     2
Armor: Leather armour    |       |       |     3 |    14 ||    17
Dodge: Dodged            |     1 |     6 |    21 |    83 ||   111
